 Dungeon Crawl Stone Soup version 0.20.0-8-g6b59dc7 (webtiles) character file.

324 Monsterracer the Cudgeler (level 6, -4/39 HPs)
             Began as a Gargoyle Chaos Knight on May 31, 2017.
             Slain by an ogre
             ... wielding a cursed -2 giant club
              (16 damage)
             ... on level 4 of the Dungeon.
             The game lasted 00:09:14 (3086 turns).

Monsterracer the Cudgeler (Gargoyle Chaos Knight)   Turns: 3086, Time: 00:09:15

Health: -4/39      AC: 18    Str: 18    XL:     6   Next: 48%
Magic:  6/6        EV:  5    Int: 10    God:
Gold:   142        SH:  0    Dex:  9    Spells: 5/5 levels left

rFire    . . .     SeeInvis .   h - +0 flail
rCold    . . .     Gourm    .   (no shield)
rNeg     + . .     Faith    .   j - +0 plate armour
rPois    ∞         Spirit   .   (no helmet)
rElec    +         Reflect  .   d - +0 cloak
rCorr    .         Harm     .   b - +0 pair of gloves
MR       .....                  (no boots)
Stlth    ..........             (no amulet)
Regen    0.2/turn               (no ring)
MPRegen  0.1/turn               (no ring)

@: no status effects
A: dopey 1, mutation resistance 1, negative energy resistance 1, electricity
resistance, unbreathing, petrification resistance, rot immunity, AC +4
a: no special abilities


You were on level 4 of the Dungeon.
You were not hungry.

You visited 1 branch of the dungeon, and saw 4 of its levels.

You collected 142 gold pieces.

Inventory:

Hand Weapons
 h - a +0 flail (weapon)
Armour
 b - a +0 pair of gloves (worn)
 d - a +0 cloak (worn)
 j - a +0 plate armour (worn)
Scrolls
 a - 3 scrolls of remove curse
 e - a scroll of amnesia {unknown}
 f - a scroll of recharging {unknown}
 l - a scroll of enchant weapon {unknown}
 n - a scroll of fear {unknown}
 o - a scroll of teleportation {unknown}
Potions
 k - a potion of haste
 m - a potion of curing
Comestibles
 c - 4 bread rations
 g - a meat ration
 i - a royal jelly


   Skills:
 - Level 4.6 Fighting
 + Level 5.3 Maces & Flails
 - Level 4.0 Armour
 - Level 1.2 Dodging
 - Level 0.2 Stealth


You had 5 spell levels left.
You didn't know any spells.

Dungeon Overview and Level Annotations

Branches:
Dungeon (4/15)
 Temple: D:4-7

Altars:


Innate Abilities, Weirdness & Mutations

You are resistant to torment.
Your stone body is resilient. (AC +4)
You are immune to poison.
You resist negative energy. (rN+)
You are resistant to electric shocks. (rElec)
You can survive without breathing.
You are immune to petrification.
You are immune to rotting.
You are dopey. (Int -2)
You are somewhat resistant to further mutation.


Message History

The jackal barks!
You hit the ogre.
The ogre is lightly wounded.
The ogre hits you with a giant club!
You completely miss the ogre.
The ogre is lightly wounded.
The ogre hits you with a giant club!
* * * LOW HITPOINT WARNING * * *
You are too injured to fight recklessly!
The jackal bites you but does no damage.
You sock the jackal!
You kill the jackal!
The ogre hits you with a giant club.
* * * LOW HITPOINT WARNING * * *
You sock the ogre!
The ogre is heavily wounded.
You hit the ogre.
The ogre is heavily wounded.
The ogre hits you with a giant club!
You die...

##.....##.....##
####..######## #.##
##.# #####..###
#........###
#..........###
#........#...########..
#........###.@OhWh.....
########## ####h.....#.
#.....%.. #........
#.....##. #.......
........> .........


You could see a phantom, an ogre and 3 jackals.

Vanquished Creatures
  Sigmund (D:3)
  A gnoll (D:1)
  7 adders
  A worm (D:2)
  7 dart slugs (D:3)
  3 leopard geckos
  7 bats
  7 giant cockroaches
  7 goblins
  5 hobgoblins
  5 jackals
  9 kobolds
  2 ball pythons
  3 frilled lizards
  7 rats
72 creatures vanquished.

Vanquished Creatures (others)
  4 toadstools (D:1)
4 creatures vanquished.

Grand Total: 76 creatures vanquished

Notes
Turn   | Place    | Note
-------+----------+-------------------------------------------
     0 | D:1      | Monsterracer the Gargoyle Chaos Knight began the quest for the Orb.
     0 | D:1      | Reached XP level 1. HP: 14/14 MP: 1/1
    30 | D:1      | Gained mutation: You are dopey. (Int -2) [potion of mutation]
    30 | D:1      | Gained mutation: You are somewhat resistant to further mutation. [potion of mutation]
    67 | D:1      | Reached XP level 2. HP: 19/19 MP: 2/2
    78 | D:1      | Fell from the grace of Xom
   333 | D:1      | XOM: summons 2 hostile shadow creatures
   423 | D:1      | Reached XP level 3. HP: 24/24 MP: 3/3
  1059 | D:2      | Reached XP level 4. HP: 29/29 MP: 4/4
  1071 | D:2      | Reached skill level 4 in Maces & Flails
  1389 | D:2      | Reached skill level 1 in Dodging
  1398 | D:2      | XOM: torment (20/29 hp)
  2017 | D:3      | Reached XP level 5. HP: 25/33 MP: 5/5
  2039 | D:3      | Noticed Sigmund
  2068 | D:3      | Killed Sigmund
  2068 | D:3      | Reached skill level 5 in Maces & Flails
  2068 | D:3      | Reached XP level 6. HP: 9/39 MP: 6/6
  2294 | D:3      | XOM: god gift: scroll labeled QYNYES ATUDU {god gift}
  2465 | D:3      | XOM: summons 2 hostile shadow creatures
  3079 | D:4      | Noticed a phantom
  3086 | D:4      | Slain by an ogre

Skill      XL: |  1  2  3  4  5  6 |
---------------+-------------------+-----
Fighting       | 4 |  4.6
Maces & Flails | 4 5 |  5.3
Dodging        | 1 |  1.2
Armour         | 3 4 |  4.0
Stealth        | |  0.2

Action                   |  1- 3 |  4- 6 || total
-------------------------+-------+-------++-------
Melee: Mace              |    50 |       ||    50
       Flail             |    55 |   207 ||   262
Invok: Renounce Religion |     1 |       ||     1
  Use: Potion            |     2 |     5 ||     7
       Scroll            |       |     2 ||     2
  Eat: Chunk             |     1 |     6 ||     7
Armor: Leather armour    |    49 |     1 ||    50
       Plate armour      |       |   219 ||   219
Dodge: Dodged            |    62 |    91 ||   153
